 Dungeon Crawl Stone Soup version 0.25.0-8-gfd19cd77bd (webtiles) character file.

Game seed: 13449218163992075664

414 DeadF the Covert (level 6, -3/24 HPs)
             Began as a Felid Enchanter on June 16, 2020.
             Slain by Duvessa
             ... wielding a +3 short sword of venom
              (5 damage)
             ... on level 5 of the Dungeon.
             The game lasted 00:13:45 (6126 turns).

DeadF the Covert (Felid Enchanter)                  Turns: 6126, Time: 00:13:45

Health: -3/24      AC:  4    Str:  6    XL:     6   Next: 60%
Magic:  11/11      EV: 23    Int: 22    God:
Gold:   238        SH:  5    Dex: 19    Spells: 4/10 levels left
                                        Lives:  0   Deaths: 1

rFire    . . .     SeeInvis +     - Unarmed
rCold    + . .     Gourm    .   (shield unavailable)
rNeg     . . .     Faith    .   (armour unavailable)
rPois    .         Spirit   .   (helmet unavailable)
rElec    .         Reflect  +   (cloak unavailable)
rCorr    .         Harm     .   (gloves unavailable)
MR       .....                  (boots unavailable)
Stlth    ++........             l - amulet of reflection
HPRegen  0.08/turn              a - +6 ring of intelligence
MPRegen  0.12/turn              n - ring of protection from cold

@: lethally poisoned (-3 -> -8), glowing, quick
A: very small, no armour, no weapons or thrown items, stealth, claws 1, fangs 3,
yellow scales 1, see invisible, carnivore, speed 1, shaggy fur 2, slow
metabolism 1, strong 1, sharp paws
a: no special abilities


You were on level 5 of the Dungeon.
You were not hungry.

You visited 1 branch of the dungeon, and saw 5 of its levels.

You collected 238 gold pieces.

Inventory:

Jewellery
 a - a +6 ring of intelligence (left paw)
 l - an amulet of reflection (around neck)
 n - a ring of protection from cold (right paw)
Scrolls
 c - 6 scrolls of remove curse
 d - 2 scrolls of random uselessness
 e - 2 scrolls of identify
 g - 4 scrolls of amnesia {unknown}
 k - 2 scrolls of magic mapping {unknown}
 m - a scroll of fear {unknown}
 o - 2 scrolls of teleportation {unknown}
 p - 2 scrolls of immolation {unknown}
Potions
 j - a potion of lignification
 q - 2 potions of stabbing
Comestibles
 b - 11 rations


   Skills:
 + Level 0.1 Fighting
 + Level 6.5 Dodging
 + Level 8.0 Stealth
 + Level 2.0 Unarmed Combat
 + Level 2.6 Spellcasting
 + Level 5.1 Hexes
 + Level 1.3 Ice Magic


You had 4 spell levels left.
You knew the following spells:

 Your Spells              Type           Power        Failure   Level  Hunger
a - Corona                Hex            ####...      1%          1    None
b - Ensorcelled Hibernat  Hex/Ice        ###...       5%          2    ##.....
c - Confusing Touch       Hex            ####....     4%          3    ###....

Your spell library contained the following spells:

 Spells                   Type           Power        Failure   Level  Hunger
 Tukima's Dance           Hex            ####....     4%          3    ###....
 Dazzling Flash           Conj/Hex       ##....       14%         3    ###....


Dungeon Overview and Level Annotations

Branches:
Dungeon (5/15)             Temple (0/1) D:4

Altars:
Cheibriados

Shops:
D:5 *

Annotations:
D:5 Dowan, Duvessa


Innate Abilities, Weirdness & Mutations

You cannot wear armour.
You are incapable of wielding weapons or throwing items.
Your paws allow you to move quietly. (Stealth)
You have sharp claws.
You have razor-sharp teeth.
You have supernaturally acute eyesight. (SInv)
You are carnivorous and can eat meat at any time.
You cover ground quickly.
You are covered in thick fur. (AC +2)
You have a slow metabolism.
Your sharp claws are effective at attacking unaware monsters.
You are partially covered in yellow scales. (AC +2)
Your muscles are strong. (Str +2)


Message History

You are too injured to fight recklessly!
You are too injured to fight recklessly!
You are too injured to fight recklessly!
You are too injured to fight recklessly!
You are too injured to fight recklessly!
You are too injured to fight recklessly!
You are too injured to fight recklessly!
You are too injured to fight recklessly!
Level annotation: Dowan, Duvessa Welcome back, DeadF the Felid Enchanter.
Press ? for a list of commands and other information.
You feel sick. Dowan misses you.
Duvessa hits you with a +3 short sword of venom!
* * * LOW HITPOINT WARNING * * *
* * * LOW HITPOINT WARNING * * *
You feel sick. Dowan hits you but does no damage.
Duvessa completely misses you. Dowan completely misses you.
Duvessa hits you with a +3 short sword of venom.
You die...

#.......
#....##.>...#
#.###..##
#..#.##.#.### #. #..#
...#.##.#.# #. #..#
##.#.##.#.### #..#
#.#.##.#...#
#.###..###
#.#.##.###.#
........#####.#.##.#
#..
#....e>......##.###.#
##..@e.......##.##.##
#..#............#.##
#.#######........##
#.# ###.#####.## #.#
#.# ##.## #.# #.#
##.# #.# #.# ##. #.#
###.# #. #.# #...# #.


You could see Duvessa and Dowan.

Vanquished Creatures
  Eustachio (D:5)
  An ice beast (D:5)
  An ogre (D:3)
  A crimson imp (D:5)
  An orc priest (D:5)
  An iguana (D:5)
  2 orc wizards
  A hound skeleton (D:4)
  3 gnolls (D:3)
  2 adders
  2 oozes
  A worm (D:4)
  A dart slug (D:1)
  4 leopard geckos
  15 orcs
  2 bats (D:1)
  3 giant cockroaches
  3 goblins
  2 hobgoblins
  2 jackals (D:4)
  7 kobolds
  2 quokkas
  2 frilled lizards
  5 rats
65 creatures vanquished.

Notes
Turn   | Place    | Note
-------+----------+-------------------------------------------
     0 | D:1      | DeadF the Felid Enchanter began the quest for the Orb.
     0 | D:1      | Reached XP level 1. HP: 7/7 MP: 4/4
   378 | D:1      | Reached XP level 2. HP: 7/11 MP: 6/6
   382 | D:1      | Learned a level 2 spell: Ensorcelled Hibernation
  1074 | D:2      | Reached skill level 5 in Stealth
  1259 | D:2      | Reached XP level 3. HP: 14/14 MP: 7/7
  1637 | D:2      | You fall into a shaft and drop 2 floors!
  1776 | D:4      | Found a staircase to the Ecumenical Temple.
  2461 | D:4      | Noticed an ogre
  2479 | D:5      | Entered Level 5 of the Dungeon
  2690 | D:5      | Noticed Eustachio
  2762 | D:4      | Reached XP level 4. HP: 16/18 MP: 8/8
  3183 | D:3      | Found a snail-covered altar of Cheibriados.
  3736 | D:3      | Reached skill level 6 in Stealth
  3744 | D:3      | Reached skill level 5 in Dodging
  4650 | D:3      | Gained mutation: You are partially covered in yellow
                  | scales. (AC +2) [potion of mutation]
  4650 | D:3      | Gained mutation: Your muscles are strong. (Str +2) [potion
                  | of mutation]
  4663 | D:3      | Killed an ogre
  4663 | D:3      | Reached skill level 7 in Stealth
  4663 | D:3      | Reached XP level 5. HP: 21/21 MP: 6/9
  4710 | D:4      | Learned a level 3 spell: Confusing Touch
  4801 | D:5      | Gained mutation: You are covered in thick fur. (AC +2)
                  | [Felid growth]
  4801 | D:5      | Reached XP level 6. HP: 4/24 MP: 10/10
  4810 | D:5      | HP: 1/36 [orc (3)]
  5693 | D:5      | Noticed Dowan
  5695 | D:5      | Noticed Duvessa
  5720 | D:5      | HP: 1/36 [poisoned by Duvessa]
  5721 | D:5      | Succumbed to Duvessa's poison
  5722 | D:5      | Reached XP level 5. HP: 0/31 MP: 2/9
  5725 | D:5      | Found Coicogum's General Store.
  5769 | D:5      | Noticed an ice beast
  5787 | D:5      | Killed an ice beast
  5787 | D:5      | Reached skill level 1 in Ice Magic
  5787 | D:5      | Reached XP level 6. HP: 24/24 MP: 10/10
  5828 | D:5      | Killed Eustachio
  5828 | D:5      | Reached skill level 8 in Stealth
  5828 | D:5      | Reached skill level 5 in Hexes
  6126 | D:5      | Slain by Duvessa

Illustrated notes

Levels and vault maps discovered:
D:1:      doesnt_arrival_eight_statues, layout_basic
D:2:      layout_basic
D:3:      layout_rooms, cheibriados_altar_1, first_ration
D:4:      layout_rooms, minmay_temple_entry_wispy
D:5:      layout_loops_ring, lightli_sewer_entry_pipes, serial_shops,
          nicolae_shop_behind_doors, uniq_duvessa, uniq_eustachio

Skill      XL: |  1  2  3  4  5  6 |
---------------+-------------------+-----
Dodging        | 3 4 5 6 |  6.5
Stealth        | 5 7 8 |  8.0
Ice Magic      | 1 |  1.3
Unarmed Combat | 2 |  2.0
Hexes          | 5 |  5.1
Fighting       | |  0.1
Spellcasting   | |  2.6

Action                   |  1- 3 |  4- 6 || total
-------------------------+-------+-------++-------
Melee: Unarmed           |   103 |   142 ||   245
       Bite              |     2 |    11 ||    13
       Punch             |     1 |     1 ||     2
 Cast: Ensorcelled Hiber |    15 |    41 ||    56
       Corona            |     3 |       ||     3
  Use: Scroll            |     1 |     8 ||     9
       Potion            |     5 |     6 ||    11
 Stab: Sleeping          |    21 |    25 ||    46
  Eat: Chunk             |    11 |    10 ||    21
Armor: Skin              |     4 |    62 ||    66
Dodge: Dodged            |    78 |    97 ||   175
Block: Other             |       |    25 ||    25
